 Dungeon Crawl Stone Soup version 0.31.0-11-ge490571c62 (webtiles) character file.

Game seed: 5565707504525671888

15661 hikkokomori the Blocker (level 12, -5/97 HPs)
             Began as a Formicid Fighter on Jan 31, 2024.
             Was an Elder of Okawaru.
             Slain by a merfolk
             ... wielding a +0 trident
              (10 damage)
             ... on level 1 of the Shoals.
             The game lasted 00:18:52 (11427 turns).

hikkokomori the Blocker (Formicid Fighter)         Turns: 11427, Time: 00:18:53

Health: -5/97      AC: 36    Str: 22    XL:     12   Next: 60%
Magic:  0/18       EV: 12    Int: 10    God:    Okawaru [****..]
Gold:   920        SH:  8    Dex: 15    Spells: 16/19 levels left

rFire   + + .        y - +7 staff of the Meek {protect, meekguard}
rCold   + + .        c - +0 buckler
rNeg    . . .        Q - +2 chain mail {rF+}
rPois   .            (helmet unavailable)
rElec   .            W - scarf {rC+ rF+}
rCorr   .            t - +0 pair of gloves
SInv    +            w - +0 pair of boots
Will    +....        f - amulet of guardian spirit
Stlth   +            e - ring of protection from cold
HPRegen 0.36/turn    k - +4 ring of protection
MPRegen 0.16/turn

%: guardian spirit
@: mighty, heroic, finesse-ful, under a protective aura, mesmerised, studying
Short Blades, very slow
A: permanent stasis, dig shafts and tunnels, antennae 3, four strong arms
a: Dig, Shaft Self, Renounce Religion, Heroism, Finesse


You were on level 1 of the Shoals.
You worshipped Okawaru.
Okawaru was greatly pleased with you.
You visited 4 branches of the dungeon, and saw 13 of its levels.
You also visited: Ossuary.

You collected 920 gold pieces.

Inventory:

Hand Weapons
 y - the +7 staff of the Meek (weapon) {protect, meekguard}
   (You found it on level 6 of the Dungeon)
 U - the +7 quarterstaff of Weergh {venom, Int+3 Stlth+}
   (You found it on level 1 of the Lair of Beasts)

   Int+3:     It affects your intelligence (+3).
   Stlth+:    It makes you more stealthy.
Missiles
 a - 2 boomerangs
 s - 2 atropa-tipped darts
 I - 3 throwing nets
 L - 5 poisoned darts
 Z - 5 javelins
Armour
 b - a +0 scale mail
 c - a +0 buckler (worn)
 t - a +0 pair of gloves (worn)
 w - a +0 pair of boots (worn)
 G - the +2 chain mail of the Beekeeper {rCorr}
   (You found it on level 2 of the Dungeon)

   rCorr:     It protects you from acid and corrosion.
 K - a +0 cloak
 Q - a +2 chain mail of fire resistance (worn)
 W - a scarf of resistance (worn)
Jewellery
 e - a ring of protection from cold (left hand)
 f - an amulet of guardian spirit (around neck)
 k - a +4 ring of protection (right hand)
 M - a +6 ring of intelligence
Wands
 T - a wand of acid (3)
 V - a wand of polymorph (2)
Scrolls
 h - 2 scrolls of enchant weapon
 i - 3 scrolls of immolation
 v - 2 scrolls of revelation
 x - a scroll of vulnerability
 z - 4 scrolls of amnesia {unknown}
 D - a scroll of acquirement {unknown}
 H - 3 scrolls of enchant armour {unknown}
 N - 2 scrolls of fear {unknown}
 P - a scroll of brand weapon {unknown}
 X - 2 scrolls of fog {unknown}
 Y - a scroll of blinking {unknown}
Potions
 d - a potion of might
 g - a potion of lignification {unknown}
 j - 3 potions of berserk rage
 l - a potion of curing
 m - 2 potions of magic
 o - 2 potions of brilliance {unknown}
 r - a potion of enlightenment
 u - 2 potions of attraction
 A - 2 potions of heal wounds {unknown}
 B - 2 potions of mutation
 C - a potion of haste {unknown}
 E - 2 potions of cancellation
 F - a potion of degeneration {unknown}
 J - 2 potions of experience {unknown}
 O - 2 potions of ambrosia {unknown}
 S - 2 potions of invisibility {unknown}


   Skills:
 - Level 10.1(15.1) Fighting
 - Level 2.4(7.4) Axes
 + Level 6.7(11.7) Staves
 - Level 5.1(10.1) Throwing
 + Level 9.0(14.0) Armour
 - Level 3.7(8.7) Dodging
 - Level 5.4(10.4) Stealth
 - Level 10.3(15.3) Shields
 - Level 4.0 Spellcasting
 + Level 6.6 Necromancy
 - Level 5.9 Invocations
 + Level 0.9 Evocations


You had 16 spell levels left.
You knew the following spells:

 Your Spells              Type           Power      Damage    Failure   Level
a - Fugue of the Fallen   Necr           15%        N/A       22%         3

Your spell library contained the following spells:

 Spells                   Type           Power      Damage    Failure   Level
 Ensorcelled Hibernation  Hex/Ice        4%         N/A       86%         2
 Lesser Beckoning         Tloc           4%         N/A       86%         2
 Momentum Strike          Conj/Tloc      4%         3d8       86%         2
 Static Discharge         Conj/Air       4%         3-4/arc   86%         2
 Anguish                  Hex/Necr       4%         N/A       96%         4
 Frozen Ramparts          Ice            4%         1d1       98%         3
 Ozocubu's Armour         Ice            2%         N/A       98%         3
 Airstrike                Air            1%         2d(1-17)  100%        4
 Leda's Liquefaction      Alch/Erth      1%         N/A       100%        4
 Manifold Assault         Tloc           2%         N/A       100%        4
 Petrify                  Alch/Erth      2%         N/A       100%        4
 Metabolic Englaciation   Hex/Ice        1%         N/A       100%        5
 Dispersal                Tloc           1%         N/A       100%        6
 Disjunction              Tloc           1%         N/A       100%        8
 Blink                    Tloc           Unusable   N/A       N/A         2
 Summon Lightning Spire   Summ/Air       Unusable   N/A       N/A         4
 Sculpt Simulacrum        Ice/Alch       Unusable   N/A       N/A         6

Dungeon Overview and Level Annotations

Branches:
Dungeon (9/15)             Temple (1/1) D:7            Lair (2/5) D:8
 Shoals (1/4) Lair:2      Ossuary (visited)
  Snake: Lair:2-3    Spider: Lair:2-3       Orc: D:9-12

Altars:
Ashenzari
Cheibriados
Dithmenos
Elyvilon
Fedhas
Gozag
Hepliaklqana
Kikubaaqudgha
Makhleb
Nemelex Xobeh
Okawaru
Qazlal
Ru
Sif Muna
Trog
Uskayaw
Vehumet
Wu Jian
Xom
Yredelemnul
Zin
The Shining One


Innate Abilities, Weirdness & Mutations

You cannot be hasted, slowed, berserked, paralysed or teleported.
You can dig through walls and to a lower floor.
You have a pair of large antennae on your head. (SInv)
Your four strong arms can wield two-handed weapons with a shield.


Message History

The merfolk avatar is heavily wounded.
Unknown command.
You sock the merfolk avatar!
The merfolk avatar is heavily wounded.
You block the merfolk's attack.
Your unstable footing causes you to fumble your attack.
Unknown command.
Unknown command.
Your unstable footing causes you to fumble your attack.
The merfolk avatar chants its luring song.
Your unstable footing causes you to fumble your attack.
The merfolk misses you.
Unknown command.
Aiming: Corrosive Bolt
Press: ? - help, Shift-Dir - straight line, f/p - merfolk avatar
Aim: a merfolk avatar (water, heavily wounded, mesmerising, 64% to hit)
The bolt of acid misses the merfolk avatar.
The bolt of acid hits the drowned soul!
The acid corrodes the drowned soul!
The drowned soul is almost destroyed.
The merfolk avatar chants its luring song.
The merfolk hits you from afar with a +0 trident!!
Unknown command.
You hit the merfolk avatar but do no damage.
The merfolk avatar is heavily wounded.
The drowned soul touches you. The drowned soul drowns you!
* * * LOW HITPOINT WARNING * * *
The merfolk avatar chants its luring song.
The drowned soul touches you. The drowned soul drowns you!
* * * LOW HITPOINT WARNING * * *
You sock the merfolk avatar!
The merfolk avatar is severely wounded.
Unknown command.
You feel better.
The merfolk hits you from afar with a +0 trident!
* * * LOW HITPOINT WARNING * * *
The merfolk avatar chants its luring song.
Unknown command.
You feel very mighty all of a sudden.
The merfolk hits you from afar with a +0 trident!
You die...

~~..~.. ~.......
#......~~..~~ .~..~~..
#..~~~~~~~~~~ ~.#.~~~.##
#...~~~~~~~~~
.##.~~....##...~.~~~~~~~
.##...........~~~~~~≈~~~
......# #..~~~~~~~~≈≈≈≈~
.....## #....~~~≈≈≈≈≈≈≈
)##..######...m~@m≈≈≈W≈≈
##......#...~~)~~≈≈≈≈W≈≈
............~~~~≈≈≈≈≈≈≈≈
..~~~~~~~~..~~~≈≈≈≈≈≈≈≈≈
~~~~~~~~~~~~~~≈≈W≈≈≈≈≈≈W
~~~~~~~~~~~~~≈≈≈≈≈≈≈≈≈≈≈
~~~~~≈≈≈≈≈~~W≈≈≈≈≈≈≈≈≈≈≈
≈≈≈≈≈≈≈≈≈≈≈≈≈≈≈≈≈≈≈≈≈≈≈≈
≈≈≈≈≈≈≈≈≈≈≈≈≈≈≈≈≈≈≈≈≈≈≈


You could see a merfolk avatar (mesmerising), a merfolk and 5 drowned souls.

Vanquished Creatures
  A hydra (Lair:2)
  A catoblepas (Lair:2)
  2 merfolk sirens
  7 cane toads
  A rime drake (Lair:2)
  5 komodo dragons
  4 merfolk
  A polar bear (Lair:2)
  A hornet (D:9)
  5 blink frogs (Lair:2)
  Sigmund (D:4)
  A spriggan (Lair:2)
  16 yaks
  2 wyverns
  Eustachio (D:4)
  5 water moccasins
  3 orc warriors
  A hornet zombie (D:5)
  3 ice beasts
  2 sky beasts
  3 black bears
  A centaur (D:9)
  9 wolves
  2 ogres
  2 phantoms (D:5)
  3 kobold brigands
  Blork the orc (D:6)
  8 bullfrogs
  A gnoll sergeant (D:7)
  A scorpion (D:6)
  5 wights (D:6)
  A water moccasin zombie (D:5)
  3 killer bees
  2 howler monkeys (D:8)
  An electric eel (D:9)
  A bombardier beetle (D:5)
  2 hounds
  5 orc priests
  3 jellies
  2 gnoll boudas
  2 iguanas (D:5)
  A sleepcap (D:5)
  Natasha (twice) (D:4)
  An orc wizard (D:5)
  9 mummies
  18 gnolls
  5 adders
  2 white imps
  2 dart slugs
  3 ribbon worms
  26 orcs
  8 ball pythons
  6 endoplasms
  A gnoll zombie (Ossuary)
  10 hobgoblins
  8 quokkas
  5 bats
  5 frilled lizards
  8 goblins
  3 hobgoblin zombies (Ossuary)
  17 kobolds
  A kobold zombie (Ossuary)
  3 orc zombies (Ossuary)
  5 rats
270 creatures vanquished.

Notes
Turn   | Place    | Note
-------+----------+-------------------------------------------
     0 | D:1      | hikkokomori the Formicid Fighter began the quest for the
                  | Orb.
     0 | D:1      | Reached XP level 1. HP: 18/18 MP: 1/1
   241 | D:1      | Reached XP level 2. HP: 21/24 MP: 2/2
   376 | D:1      | Found a faded altar of an unknown god.
   520 | D:1      | Reached XP level 3. HP: 17/29 MP: 3/3
   808 | D:2      | Identified the +2 chain mail of the Beekeeper {rCorr}
  1423 | D:2      | Reached XP level 4. HP: 37/37 MP: 4/4
  1598 | D:3      | Found a bloodstained altar of Trog.
  1598 | D:3      | Found a stormy altar of Qazlal.
  2019 | D:3      | Reached skill level 5 in Shields
  2046 | D:4      | Noticed Eustachio
  2058 | D:4      | Noticed an ogre
  2075 | D:4      | You fall into a shaft and drop 3 floors!
  2154 | D:6      | Reached XP level 5. HP: 42/42 MP: 5/5
  2176 | D:6      | Noticed Blork the orc
  2183 | D:6      | Killed Blork the orc
  2185 | D:6      | Reached XP level 6. HP: 19/49 MP: 6/6
  2461 | D:6      | Noticed an orc warrior
  2486 | D:6      | Killed an orc warrior
  2487 | D:6      | Reached skill level 5 in Fighting
  2487 | D:6      | Reached skill level 5 in Armour
  2510 | D:6      | Reached XP level 7. HP: 17/56 MP: 7/7
  2654 | D:6      | Found the +7 staff of the Meek {protect, meekguard}
  3070 | D:6      | Found a shadowy altar of Dithmenos.
  3202 | D:6      | Reached XP level 8. HP: 56/64 MP: 8/8
  3206 | D:5      | Entered Level 5 of the Dungeon
  3306 | D:5      | Found a sand-covered staircase.
  3522 | Ossuary  | Entered an ossuary
  3899 | D:4      | Killed Eustachio
  3900 | D:4      | Reached XP level 9. HP: 57/72 MP: 9/9
  4306 | D:4      | Noticed Natasha
  4312 | D:4      | Killed Natasha
  4425 | D:4      | Noticed Sigmund
  4433 | D:4      | Killed Sigmund
  4434 | D:4      | Reached skill level 1 in Dodging
  4553 | D:4      | Noticed Natasha
  4558 | D:4      | Killed Natasha
  5827 | D:7      | Found a staircase to the Ecumenical Temple.
  5920 | D:7      | Reached skill level 10 in Shields
  5951 | D:7      | Reached XP level 10. HP: 71/82 MP: 8/10
  6387 | D:7      | Found a burning altar of Makhleb.
  6555 | Temple   | Entered the Ecumenical Temple
  6564 | Temple   | Became a worshipper of Warmaster Okawaru
  6824 | D:8      | Learned a level 3 spell: Fugue of the Fallen
  6871 | D:8      | Reached skill level 1 in Staves
  6871 | D:8      | Reached skill level 1 in Throwing
  6909 | D:8      | Found a staircase to the Lair.
  6933 | D:8      | Reached skill level 1 in Invocations
  7048 | D:8      | Reached skill level 1 in Necromancy
  7338 | D:9      | Reached * piety under Okawaru
  7381 | D:9      | Reached ** piety under Okawaru
  7454 | D:9      | Reached XP level 11. HP: 73/89 MP: 8/14
  7564 | Lair:1   | Entered Level 1 of the Lair of Beasts
  7884 | Lair:1   | Reached skill level 5 in Invocations
  8289 | Lair:1   | Identified the +7 quarterstaff of Weergh {venom, Int+3
                  | Stlth+}
  8291 | Lair:1   | Identified the +1 scale mail of Classification {+Inv rF-
                  | Str+4 Dex+4}
  8427 | Lair:1   | Reached skill level 5 in Throwing
  8433 | Lair:1   | Reached skill level 5 in Staves
  8889 | Lair:2   | Reached skill level 1 in Stealth
  8889 | Lair:2   | Reached skill level 5 in Necromancy
  8957 | Lair:2   | Reached *** piety under Okawaru
  8958 | Lair:2   | Reached skill level 1 in Spellcasting
  9098 | Lair:2   | Noticed a seven-headed hydra
  9118 | Lair:2   | Killed a seven-headed hydra
  9198 | Lair:2   | Noticed a catoblepas
  9223 | Lair:2   | Killed a catoblepas
  9243 | Lair:2   | Reached **** piety under Okawaru
  9244 | Lair:2   | Reached XP level 12. HP: 22/96 MP: 4/16
 10296 | Lair:2   | Found a staircase to the Shoals.
 10319 | Lair:2   | Reached skill level 10 in Fighting
 10319 | Lair:2   | Reached skill level 5 in Stealth
 10961 | Shoals:1 | Entered Level 1 of the Shoals
 11387 | Shoals:1 | Noticed a merfolk avatar
 11427 | Shoals:1 | Slain by a merfolk

Illustrated notes

Levels and vault maps discovered:
D:1:      dpeg_arrival_simpleton_c, layout_basic,
          hellmonk_ecumenical_altar_run_dry, dk_noncrumbling_4
D:2:      layout_rooms, grunt_ministairs_4
D:3:      layout_rooms, jmf_multi_god_temple, minmay_unequal
D:4:      layout_gridville, uniq_natasha, uniq_sigmund, uniq_eustachio
D:5:      layout_rooms, gup_ossuary_entry_pyramid, serial_undead,
          serial_undead_a, serial_undead_c, serial_undead_c, serial_undead_b,
          kennysheep_cross_room, minmay_manual_monolith
D:6:      layout_basic, grunt_dithmenos_smoke_and_mirrors,
          pf_guarded_unrand_meek, uniq_blork_the_orc
D:7:      layout_cave_pods, lemuel_coloured_pillars_altar,
          minmay_temple_entry_metal_lava, eino_tiny_chamber
D:8:      layout_rooms, lair_entry_dummy
D:9:      argonaut_augean_stables, layout_basic, minmay_fire_ice_demons
Temple:   compressed_dpeg_circular_temple
Lair:1:   layout_loops_ring
Lair:2:   layout_chaotic_city, elwin_shoals_entry_stream, st_stairs_10,
          grunt_forest_stairs_clearing
Shoals:1: layout_shoals, serial_shops, nicolae_shop_just_a_little_nook,
          nicolae_shoals_kraken_intersection

Skill      XL: |  1  2  3  4  5  6  7  8  9 10 11 12 |
---------------+-------------------------------------+-----
Fighting       | 4 5 6 7 8 9 10 | 10.1
Armour         | 4 5 6 7 8 9 |  9.0
Shields        | 5 6 7 8 10 | 10.3
Dodging        | 3 |  3.7
Staves         | 3 5 6 |  6.7
Throwing       | 3 5 |  5.1
Invocations    | 4 5 |  5.9
Necromancy     | 3 5 6 |  6.6
Stealth        | 3 5 |  5.4
Spellcasting   | 2 4 |  4.0
Axes           | |  2.4
Evocations     | |  0.9

Action                     |  1- 3 |  4- 6 |  7- 9 | 10-12 || total
---------------------------+-------+-------+-------+-------++-------
  Melee: War axe           |   108 |       |       |       ||   108
         Whip              |    16 |   154 |     4 |       ||   174
         Quarterstaff      |       |       |   229 |   576 ||   805
   Fire: Sling             |     5 |       |     5 |       ||    10
  Throw: Dart              |       |     1 |       |     2 ||     3
 Invoke: Heroism           |       |       |       |     7 ||     7
         Finesse           |       |       |       |     1 ||     1
Ability: Dig               |     1 |     4 |       |     2 ||     7
         Shaft Self        |       |     1 |       |       ||     1
  Evoke: Wand              |       |       |       |     2 ||     2
    Use: Scroll            |       |     3 |     6 |     5 ||    14
         Potion            |       |     1 |       |     7 ||     8
 Armour: Scale mail        |    90 |   103 |    95 |       ||   288
         Chain mail        |       |       |   100 |   465 ||   565
  Dodge: Dodged            |    65 |    57 |   112 |   255 ||   489
  Block: Buckler           |    32 |    33 |    86 |   192 ||   343
